 Dungeon Crawl Stone Soup version 0.29-a0-563-g64e4043184 (webtiles) character file.

Game seed: 14975919831560231021

14 nobbins the Gusty (level 2, -4/20 HPs)
             Began as a Draconian Air Elementalist on June 11, 2022.
             Was a Believer of Zin.
             Slain by a worm (8 damage)
             ... on level 2 of the Dungeon.
             The game lasted 00:02:04 (735 turns).

nobbins the Gusty (Draconian Air Elementalist)       Turns: 735, Time: 00:02:05

Health: -4/20      AC:  4    Str: 10    XL:     2   Next: 27%
Magic:  1/5        EV: 12    Int: 15    God:    Zin [**....]
Gold:   54         SH:  0    Dex: 11    Spells: 4/5 levels left

rFire   . . .      SeeInvis .   n - staff of cold
rCold   + . .      Faith    .   (no shield)
rNeg    . . .      Spirit   .   (body armour unavailable)
rPois   .          Reflect  .   (helmet restricted)
rElec   .          Harm     .   (no cloak)
rCorr   .          Rampage  .   (no gloves)
Will    .....                   (no boots)
Stlth   ++........              (no amulet)
HPRegen 0.06/turn               (no ring)
MPRegen 0.09/turn               (no ring)

@: no status effects
A: AC +4, unfitting armour, cold-blooded
a: Renounce Religion, Recite, Vitalisation, Donate Gold


You were on level 2 of the Dungeon.
You worshipped Zin.
Zin was pleased with you.
You visited 1 branch of the dungeon, and saw 2 of its levels.

You collected 60 gold pieces.
You donated 6 gold pieces to Zin.

Inventory:

Hand Weapons
 c - a +0 hand axe
Magical Staves
 n - a staff of cold (weapon)
Jewellery
 l - a ring of resist corrosion
Scrolls
 b - a scroll of fog {unknown}
 d - a scroll of poison {unknown}
 f - 2 scrolls of teleportation {unknown}
 g - a scroll of fear {unknown}
 i - 2 scrolls of identify {unknown}
 k - a scroll of noise {unknown}
Potions
 a - a potion of magic
 e - a potion of might {unknown}
 h - 3 potions of curing {unknown}
 j - a potion of mutation {unknown}
 m - 2 potions of cancellation {unknown}
 o - a potion of attraction {unknown}


   Skills:
 + Level 1.9 Dodging
 + Level 1.7 Stealth
 + Level 2.1 Spellcasting
 + Level 1.0 Conjurations
 + Level 3.5 Air Magic


You had 4 spell levels left.
You knew the following spells:

 Your Spells              Type           Power      Damage    Failure   Level
a - Shock                 Conj/Air       32%        1d5       9%          1

Your spell library contained the following spells:

 Spells                   Type           Power      Damage    Failure   Level
 Static Discharge         Conj/Air       8%         N/A       13%         2
 Swiftness                Air            12%        N/A       16%         3
 Airstrike                Air            6%         N/A       45%         4


Dungeon Overview and Level Annotations

Branches:
Dungeon (2/15)

Altars:
Zin


Innate Abilities, Weirdness & Mutations

Your plain brown scales are hard. (AC +4)
You cannot fit into any form of body armour.
You are cold-blooded and may be slowed by cold attacks.


Message History

The zap hits the hobgoblin.
The hobgoblin is severely wounded.
The zap hits the frilled lizard.
You kill the frilled lizard!
The zap hits the hobgoblin.
You kill the hobgoblin!
Your magical contamination has completely faded away.
There is a stone staircase leading down here.
A worm comes into view.
The zap hits the worm.
The worm is moderately wounded.
The zap hits the worm.
The worm is moderately wounded.
The zap misses the worm.
The zap hits the worm.
The worm is heavily wounded.
The zap hits the worm.
The worm is heavily wounded.
You hit the worm.
The worm is heavily wounded.
You hit the worm.
The worm is severely wounded.
The worm bites you!
You barely miss the worm.
The worm is severely wounded.
The worm barely misses you.
You barely miss the worm.
The worm is heavily wounded.
The worm bites you.
* * * LOW HITPOINT WARNING * * *
You barely miss the worm.
The worm is heavily wounded.
You barely miss the worm.
The worm is heavily wounded.
The worm bites you.
* * * LOW HITPOINT WARNING * * *
You hit the worm.
Your tail-slap misses the worm.
The worm is severely wounded.
The worm bites you!
You die...

#. #..
#.##############..
#.##......@w......
#.##.###.######?##
#....###.#
#.#...##.#
#.........#
#.....##.##
#..#.#####
#..#...#
##....#.###


You could see a worm.

Vanquished Creatures
  2 ball pythons (D:1)
  2 endoplasms
  2 giant cockroaches
  A goblin (D:1)
  A hobgoblin (D:2)
  A kobold (D:1)
  A bat (D:1)
  A frilled lizard (D:2)
11 creatures vanquished.

Vanquished Creatures (others)
  2 fungi (D:1)
  A plant (D:1)
3 creatures vanquished.

Grand Total: 14 creatures vanquished

Notes
Turn   | Place    | Note
-------+----------+-------------------------------------------
     0 | D:1      | nobbins the Draconian Air Elementalist began the quest for
                  | the Orb.
     0 | D:1      | Reached XP level 1. HP: 14/14 MP: 3/3
   138 | D:1      | Found a faded altar of an unknown god.
   150 | D:1      | Prayed at the altar of an unknown god.
   150 | D:1      | Became a worshipper of Zin the Law-Giver
   150 | D:1      | Reached * piety under Zin
   231 | D:1      | Reached XP level 2. HP: 20/20 MP: 0/5
   503 | D:1      | Reached ** piety under Zin
   735 | D:2      | Slain by a worm

Illustrated notes

Levels and vault maps discovered:
D:1:      minmay_arrival_stair_chambers, layout_basic,
          shapermc_ecumenical_altar_acropolis
D:2:      layout_loops_ring

Action                   || total
-------------------------++-------
Melee: Hand axe          ||    23
       Tailslap          ||     4
       Staff             ||     7
 Cast: Shock             ||    17
Armor: Skin              ||     6
Dodge: Dodged            ||    17

Table legend: (Time is in decaauts)
 A = Elapsed time spent in this place.
 B = Non-inter-level travel time spent in this place.
 C = Inter-level travel time spent in this place.
 D = Time resting spent in this place.
 E = Time spent auto-exploring this place.
 F = Levels seen in this place.
 G = Mean time per level.
                   A        B        C        D        E       F      G
               +--------+--------+--------+--------+--------+-----+--------+
         Total |    742 |    723 |     19 |      0 |    545 |   2 |  371.0 |
       Dungeon |    742 |    723 |     19 |      0 |    545 |   2 |  371.0 |
               +--------+--------+--------+--------+--------+-----+--------+

Top non-repeatable levels by time:
     D:1: 577 daAuts
     D:2: 165 daAuts
